| TOP OF THE 1ST |
|
Visalia Mets batting - Pitching for Fresno Grizzlies : RHP Jordan Hernandez
|
|
Pitching: RHP Jordan Hernandez
|
|
|
Batting: LHB Arnold McCrary
|
0-0: Swinging Strike 0-1: Swinging Strike 0-2: Strikes out swinging
|
|
Batting: LHB John Robbins
|
0-0: Ball 1-0: Foul Ball, location: 2F 1-1: Fly out, F9 (Line Drive, 9, EV 98.1 MPH)
|
|
Batting: LHB David Christianson
|
0-0: Ball 1-0: Fly out, F9 (Flyball, 9LSF, EV 90.6 MPH)
|
| Top of the 1st over - 0 runs, 0 hits, 0 errors, 0 left on base; Visalia 0 - Fresno 0 |
| BOTTOM OF THE 1ST |
|
Fresno Grizzlies batting - Pitching for Visalia Mets : LHP Chris Reyes
|
|
Pitching: LHP Chris Reyes
|
|
|
Batting: RHB Mike Jirschele
|
0-0: Ball 1-0: Called Strike 1-1: DOUBLE (Line Drive, 5D, EV 106.3 MPH)
|
|
Batting: RHB Bill Pecota
|
0-0: Foul Ball, location: 2F 0-1: Ball 1-1: Swinging Strike 1-2: Strikes out swinging
|
|
Batting: RHB Todd Smith
|
0-0: Foul Ball, location: 2F 0-1: Ball 1-1: Called Strike 1-2: Foul Ball, location: 2F 1-2: DOUBLE (Flyball, 8LXD, EV 98.1 MPH) Mike Jirschele scores
|
|
Batting: SHB Jeffery Gossett
|
0-0: Ground out 6-3 (Groundball, 6D, EV 102.5 MPH)
|
|
Batting: RHB Carl Mayberry
|
0-0: Swinging Strike 0-1: Ball 1-1: Foul Ball, location: 2F 1-2: TRIPLE (Flyball, 89XD, EV 95.0 MPH) Todd Smith scores
|
|
Batting: RHB Rex Farrior
|
0-0: Ball 1-0: Foul Ball, location: 2F 1-1: Called Strike 1-2: Ground out 6-3 (Groundball, 6M, EV 103.8 MPH)
|
| Bottom of the 1st over - 2 runs, 3 hits, 0 errors, 1 left on base; Visalia 0 - Fresno 2 |
| TOP OF THE 2ND |
|
Visalia Mets batting - Pitching for Fresno Grizzlies : RHP Jordan Hernandez
|
|
Batting: RHB Jeff Reynolds
|
0-0: Ball 1-0: Fly out, F8 (Flyball, 8RD, EV 89.4 MPH)
|
|
Batting: RHB Ken Frazier
|
0-0: Foul Ball, location: 2F 0-1: Ground out 4-3 (Groundball, 4, EV 86.3 MPH)
|
|
Batting: SHB Julio Valdez
|
0-0: Fly out, F9 (Line Drive, 9, EV 90.0 MPH)
|
| Top of the 2nd over - 0 runs, 0 hits, 0 errors, 0 left on base; Visalia 0 - Fresno 2 |
| BOTTOM OF THE 2ND |
|
Fresno Grizzlies batting - Pitching for Visalia Mets : LHP Chris Reyes
|
|
Batting: LHB Samuel Taves
|
0-0: Ball 1-0: Ball 2-0: Foul Ball, location: 2F 2-1: Fly out, F8 (Flyball, 8RD, EV 77.5 MPH)
|
|
Batting: RHB Arturo Marin
|
0-0: Called Strike 0-1: Ball 1-1: Foul Ball, location: 2F 1-2: Ground out 5-3 (Groundball, 56S, EV 85.0 MPH)
|
|
Batting: RHB Donald Johnson
|
0-0: Ball 1-0: Ball 2-0: Called Strike 2-1: Called Strike 2-2: Ball 3-2: Ground out 4-3 (Groundball, 4, EV 75.6 MPH)
|
| Bottom of the 2nd over - 0 runs, 0 hits, 0 errors, 0 left on base; Visalia 0 - Fresno 2 |
| TOP OF THE 3RD |
|
Visalia Mets batting - Pitching for Fresno Grizzlies : RHP Jordan Hernandez
|
|
Batting: RHB Craig Johnson
|
0-0: Ground out 4-3 (Groundball, 4M, EV 92.5 MPH)
|
|
Batting: RHB Lloyd Bessard
|
0-0: Called Strike 0-1: Ball 1-1: Ball 2-1: Foul Ball, location: 2F 2-2: Strikes out swinging
|
|
Batting: RHB Edgardo Serrano
|
0-0: Swinging Strike 0-1: DOUBLE (Line Drive, 78M, EV 91.9 MPH)
|
|
Batting: LHB Arnold McCrary
|
0-0: SINGLE (Line Drive, 56, EV 95.0 MPH) Edgardo Serrano to third Runner from 3rd tries for Home, SAFE, no throw by LF
|
|
Batting: LHB John Robbins
|
0-0: Ball 1-0: Foul Ball, location: 2F 1-1: Called Strike 1-2: Fly out, F7 (Flyball, 7, EV 90.6 MPH)
|
| Top of the 3rd over - 1 run, 2 hits, 0 errors, 1 left on base; Visalia 1 - Fresno 2 |
| BOTTOM OF THE 3RD |
|
Fresno Grizzlies batting - Pitching for Visalia Mets : LHP Chris Reyes
|
|
Batting: RHB Mike Jirschele
|
0-0: Ball 1-0: Swinging Strike 1-1: Ball 2-1: Ball 3-1: Foul Ball, location: 2F 3-2: Base on Balls
|
|
Batting: RHB Bill Pecota
|
0-0: Ball 1-0: Ball 2-0: Ball 3-0: Called Strike 3-1: Fielders Choice at 2nd, 6-4 (Groundball, 6, EV 79.4 MPH)
|
|
Batting: RHB Todd Smith
|
0-0: Ball 1-0: Ball 2-0: Called Strike 2-1: Ball 3-1: Called Strike 3-2: Foul Ball, location: 2F 3-2: Foul Ball, location: 2F 3-2: Fly out, F8 (Flyball, 78XD, EV 98.1 MPH)
|
|
Batting: SHB Jeffery Gossett
|
0-0: Ball Bill Pecota is caught stealing 2nd base 2-4
|
| Bottom of the 3rd over - 0 runs, 0 hits, 0 errors, 0 left on base; Visalia 1 - Fresno 2 |
| TOP OF THE 4TH |
|
Visalia Mets batting - Pitching for Fresno Grizzlies : RHP Jordan Hernandez
|
|
Batting: LHB David Christianson
|
0-0: Ball 1-0: SINGLE (Line Drive, 8RS, EV 91.9 MPH)
|
|
Batting: RHB Jeff Reynolds
|
0-0: 2-RUN HOME RUN (Flyball, 9D, EV 102.5 MPH), Distance : 363 ft
|
|
Batting: RHB Ken Frazier
|
0-0: Swinging Strike 0-1: Hit by Pitch
|
|
Batting: SHB Julio Valdez
|
0-0: Foul Ball, location: 2F 0-1: Foul Ball, location: 2F 0-2: Foul Ball, location: 2F 0-2: Ball 1-2: DOUBLE (Line Drive, 89D, EV 98.8 MPH) Ken Frazier to third
|
|
Batting: RHB Craig Johnson
|
0-0: Foul Ball, location: 2F 0-1: Ball 1-1: SINGLE (Groundball, 34, EV 101.9 MPH) (infield hit) Ken Frazier scores Julio Valdez to third
|
|
Batting: RHB Lloyd Bessard
|
0-0: Fly out, F7 (Flyball, 78S, EV 88.1 MPH)
|
|
Batting: RHB Edgardo Serrano
|
0-0: SINGLE (Groundball, 6MD, EV 93.8 MPH) Julio Valdez scores Craig Johnson to second Runner from 2nd tries for 3rd, OUT! 8-5
|
|
Now in CF: Clifton Wilder
|
|
|
Batting: LHB Arnold McCrary
|
0-0: Ball 1-0: Ground out 1-3 (Groundball, 13, EV 85.0 MPH)
|
| Top of the 4th over - 4 runs, 5 hits, 0 errors, 1 left on base; Visalia 5 - Fresno 2 |
| BOTTOM OF THE 4TH |
|
Fresno Grizzlies batting - Pitching for Visalia Mets : LHP Chris Reyes
|
|
Batting: SHB Jeffery Gossett
|
0-0: Ball 1-0: Ball 2-0: SINGLE (Groundball, 34D, EV 100.6 MPH)
|
|
Batting: RHB Carl Mayberry
|
0-0: Called Strike 0-1: Foul Ball, location: 2F 0-2: Grounds into double play, 6-4-3 (Groundball, 6, EV 82.5 MPH)
|
|
Batting: RHB Rex Farrior
|
0-0: Called Strike 0-1: Swinging Strike 0-2: Foul Ball, location: 2F 0-2: Strikes out looking
|
| Bottom of the 4th over - 0 runs, 1 hit, 0 errors, 0 left on base; Visalia 5 - Fresno 2 |
| TOP OF THE 5TH |
|
Visalia Mets batting - Pitching for Fresno Grizzlies : RHP Jordan Hernandez
|
|
Batting: LHB John Robbins
|
0-0: Called Strike 0-1: Ball 1-1: Ball 2-1: Foul Ball, location: 2F 2-2: Strikes out swinging
|
|
Batting: LHB David Christianson
|
0-0: Foul Ball, location: 2F 0-1: SOLO HOME RUN (Flyball, 9D, EV 106.9 MPH), Distance : 357 ft
|
|
Batting: RHB Jeff Reynolds
|
0-0: Ball 1-0: Ball 2-0: Called Strike 2-1: Ball 3-1: Called Strike 3-2: Base on Balls
|
|
Pitching: RHP Alec Christianson
|
|
|
Batting: RHB Ken Frazier
|
0-0: Ball 1-0: Ball 2-0: Foul Ball, location: 2F 2-1: Called Strike 2-2: Foul Ball, location: 2F 2-2: Fly out, F8 (Flyball, 8RS, EV 89.4 MPH)
|
|
Batting: SHB Julio Valdez
|
0-0: Foul Ball, location: 2F 0-1: Ball 1-1: Ball 2-1: Ball 3-1: Fielders Choice at 2nd, 5-4 (Groundball, 56, EV 101.3 MPH)
|
| Top of the 5th over - 1 run, 1 hit, 0 errors, 1 left on base; Visalia 6 - Fresno 2 |
| BOTTOM OF THE 5TH |
|
Fresno Grizzlies batting - Pitching for Visalia Mets : LHP Chris Reyes
|
|
Batting: RHB Clifton Wilder
|
0-0: Called Strike 0-1: Called Strike 0-2: Ball 1-2: Strikes out swinging
|
|
Batting: RHB Arturo Marin
|
0-0: Ball 1-0: Ball 2-0: Ball 3-0: Base on Balls
|
|
Batting: RHB Donald Johnson
|
0-0: Ball 1-0: Called Strike 1-1: Grounds into double play, 1-4-3 (Groundball, P, EV 88.1 MPH)
|
| Bottom of the 5th over - 0 runs, 0 hits, 0 errors, 0 left on base; Visalia 6 - Fresno 2 |
| TOP OF THE 6TH |
|
Visalia Mets batting - Pitching for Fresno Grizzlies : RHP Alec Christianson
|
|
Batting: RHB Craig Johnson
|
0-0: Called Strike 0-1: Foul Ball, location: 2F 0-2: Ball 1-2: Strikes out looking
|
|
Batting: RHB Lloyd Bessard
|
0-0: Ball 1-0: Ball 2-0: Fly out, F7 (Flyball, 7, EV 91.3 MPH)
|
|
Batting: RHB Edgardo Serrano
|
0-0: Ball 1-0: TRIPLE (Line Drive, 8RXD, EV 111.9 MPH)
|
|
Batting: LHB Arnold McCrary
|
0-0: Ball 1-0: Ground out 4-3 (Groundball, 34, EV 88.8 MPH)
|
| Top of the 6th over - 0 runs, 1 hit, 0 errors, 1 left on base; Visalia 6 - Fresno 2 |
| BOTTOM OF THE 6TH |
|
Fresno Grizzlies batting - Pitching for Visalia Mets : LHP Chris Reyes
|
|
Batting: RHB Mike Jirschele
|
0-0: Ground out 4-3 (Groundball, 4MS, EV 88.8 MPH)
|
|
Batting: RHB Bill Pecota
|
0-0: Called Strike 0-1: Ball 1-1: Ball 2-1: Reached on error, E6 (Groundball, 6MS, EV 68.8 MPH)
|
|
Batting: RHB Todd Smith
|
0-0: Swinging Strike 0-1: Ball 1-1: Ball 2-1: Fly out, F7 (Flyball, 7S, EV 83.1 MPH)
|
|
Batting: SHB Jeffery Gossett
|
0-0: Ball 1-0: Ball 2-0: 2-RUN HOME RUN (Flyball, 7D, EV 100.0 MPH), Distance : 369 ft
|
|
Batting: RHB Carl Mayberry
|
0-0: Ball 1-0: Foul Ball, location: 2F 1-1: Ball 2-1: Called Strike 2-2: Foul Ball, location: 2F 2-2: Ball 3-2: SOLO HOME RUN (Flyball, 78XD, EV 96.9 MPH), Distance : 393 ft
|
|
Pitching: LHP James Canfield
|
|
|
Batting: RHB Rex Farrior
|
0-0: Bunted foul 0-1: Ball 1-1: Ball 2-1: Foul Ball, location: 2F 2-2: Strikes out looking
|
| Bottom of the 6th over - 3 runs, 2 hits, 1 error, 0 left on base; Visalia 6 - Fresno 5 |
| TOP OF THE 7TH |
|
Visalia Mets batting - Pitching for Fresno Grizzlies : RHP Alec Christianson
|
|
Batting: LHB John Robbins
|
0-0: SINGLE (Flyball, 56D, EV 89.4 MPH)
|
|
Batting: LHB David Christianson
|
0-0: Ball 1-0: Foul Ball, location: 2F 1-1: Ball 2-1: Fly out, F6 (Popup, 6M, EV 68.1 MPH)
|
|
Batting: RHB Jeff Reynolds
|
0-0: Called Strike John Robbins steals 2nd base 0-1: Foul Ball, location: 2F 0-2: Foul Ball, location: 2F 0-2: Ball 1-2: Ground out 5-3 (Groundball, 56, EV 82.5 MPH)
|
|
Batting: RHB Ken Frazier
|
0-0: Ball 1-0: Called Strike 1-1: Ball 2-1: Foul Ball, location: 2F 2-2: Foul Ball, location: 2F 2-2: Ball 3-2: Ground out 5-3 (Groundball, 56S, EV 78.8 MPH)
|
| Top of the 7th over - 0 runs, 1 hit, 0 errors, 1 left on base; Visalia 6 - Fresno 5 |
| BOTTOM OF THE 7TH |
|
Fresno Grizzlies batting - Pitching for Visalia Mets : LHP James Canfield
|
|
Batting: RHB Clifton Wilder
|
0-0: SINGLE (Groundball, 4D, EV 108.8 MPH)
|
|
Batting: RHB Arturo Marin
|
0-0: Ball 1-0: Foul Ball, location: 2F 1-1: Reached on error, E1 (Groundball, P, EV 77.5 MPH) Clifton Wilder to second
|
|
Pinch Hitting: RHB Billy Ireland
|
0-0: Ball 1-0: Foul Ball, location: 2F 1-1: Fly out, F8 (Flyball, 8LM, EV 85.0 MPH)
|
|
Batting: RHB Mike Jirschele
|
0-0: Called Strike 0-1: SINGLE (Flyball, 78S, EV 93.8 MPH) Clifton Wilder to third Arturo Marin to second Runner from 3rd tries for Home, SAFE, no throw by CF
|
|
Batting: RHB Bill Pecota
|
0-0: Fly out, F5 (Line Drive, 5, EV 76.3 MPH)
|
|
Batting: RHB Todd Smith
|
0-0: Called Strike 0-1: Fly out, F9 (Line Drive, 9, EV 97.5 MPH)
|
| Bottom of the 7th over - 1 run, 2 hits, 1 error, 2 left on base; Visalia 6 - Fresno 6 |
| TOP OF THE 8TH |
|
Visalia Mets batting - Pitching for Fresno Grizzlies : RHP Alec Christianson
|
|
Now in LF: Daniel Wieser
|
|
|
Batting: SHB Julio Valdez
|
0-0: Ball 1-0: Fly out, F9 (Flyball, 9, EV 90.6 MPH)
|
|
Batting: RHB Craig Johnson
|
0-0: Called Strike 0-1: Ball 1-1: Ball 2-1: Ball 3-1: Called Strike 3-2: Ground out 6-3 (Groundball, 6, EV 78.8 MPH)
|
|
Batting: RHB Lloyd Bessard
|
0-0: Called Strike 0-1: Foul Ball, location: 2F 0-2: Ball 1-2: Fly out, F4 (Popup, 4MD, EV 68.8 MPH)
|
| Top of the 8th over - 0 runs, 0 hits, 0 errors, 0 left on base; Visalia 6 - Fresno 6 |
| BOTTOM OF THE 8TH |
|
Fresno Grizzlies batting - Pitching for Visalia Mets : LHP James Canfield
|
|
Batting: SHB Jeffery Gossett
|
0-0: Foul Ball, location: 2F 0-1: Ball 1-1: Swinging Strike 1-2: Ball 2-2: Strikes out swinging
|
|
Batting: RHB Carl Mayberry
|
0-0: Ball 1-0: Fly out, F7 (Line Drive, 7, EV 106.3 MPH)
|
|
Batting: RHB Rex Farrior
|
0-0: Ball 1-0: Foul Ball, location: 2F 1-1: Foul Ball, location: 2F 1-2: Ball 2-2: Foul Ball, location: 2F 2-2: Ball 3-2: Fly out, F8 (Flyball, 8LM, EV 89.4 MPH)
|
| Bottom of the 8th over - 0 runs, 0 hits, 0 errors, 0 left on base; Visalia 6 - Fresno 6 |
| TOP OF THE 9TH |
|
Visalia Mets batting - Pitching for Fresno Grizzlies : RHP Alec Christianson
|
|
Pitching: RHP Al Nipper
|
|
|
Pinch Hitting: SHB Charlie Godley
|
0-0: Ball 1-0: Swinging Strike 1-1: Ball 2-1: Foul Ball, location: 2F 2-2: Foul Ball, location: 2F 2-2: Foul Ball, location: 2F 2-2: Fly out, F9 (Flyball, 89S, EV 95.0 MPH)
|
|
Batting: LHB Arnold McCrary
|
0-0: Foul Ball, location: 2F 0-1: Foul Ball, location: 2F 0-2: Strikes out swinging
|
|
Batting: LHB John Robbins
|
0-0: Foul Ball, location: 2F 0-1: Called Strike 0-2: Ball 1-2: Ball 2-2: Ground out 4-3 (Groundball, 4, EV 107.5 MPH)
|
| Top of the 9th over - 0 runs, 0 hits, 0 errors, 0 left on base; Visalia 6 - Fresno 6 |
| BOTTOM OF THE 9TH |
|
Fresno Grizzlies batting - Pitching for Visalia Mets : LHP James Canfield
|
|
Now at 2B: David Denton
|
|
|
Batting: RHB Clifton Wilder
|
0-0: Foul Ball, location: 2F 0-1: Ball 1-1: Ball 2-1: SOLO HOME RUN (Flyball, 78XD, EV 92.5 MPH), Distance : 428 ft
|
 |
|
Friday, August 14th, 2020 - OOTP Baseball 21.5 Build 76
|
|